 Dungeon Crawl Stone Soup version 0.32-a0-314-g526f7d4993 (webtiles) character file.

Game seed: 17079275355619197450

57 Newt the Trooper (level 4, 0/29 HPs)
             Began as a Gargoyle Fighter on Feb 15, 2024.
             Slain by a water moccasin (6 damage)
             ... on level 3 of the Dungeon.
             The game lasted 00:01:17 (1987 turns).

Newt the Trooper (Gargoyle Fighter)                 Turns: 1987, Time: 00:01:18

Health: 0/29       AC: 10    Str: 22    XL:     4   Next: 0%
Magic:  4/4        EV:  9    Int:  8    God:
Gold:   126        SH:  4    Dex:  9    Spells: 3/3 levels left

rFire   . . .        a - +0 flail
rCold   . . .        c - +0 buckler
rNeg    + . .        b - +0 scale mail
rPois   ∞            (no helmet)
rElec   +            (no cloak)
rCorr   .            (no gloves)
SInv    .            (no boots)
Will    .....        (no amulet) Stlth
                     (no ring)
HPRegen 0.24/turn    (no ring)
MPRegen 0.09/turn

%: no passive effects
@: no status effects
A: sickness immunity, AC +3, negative energy resistance 1, electricity
resistance, torment resistance 1, petrification resistance
a: no special abilities


You were on level 3 of the Dungeon.
You visited 1 branch of the dungeon, and saw 3 of its levels.

You collected 126 gold pieces.

Inventory:

Hand Weapons
 a - a +0 flail (weapon)
Armour
 b - a +0 scale mail (worn)
 c - a +0 buckler (worn)
Scrolls
 e - 2 scrolls of teleportation
 f - a scroll of fear
 i - a scroll of torment
 j - a scroll of poison
 k - a scroll of amnesia {unknown}
 l - a scroll of enchant armour
Potions
 d - a potion of might
 g - 2 potions of magic
 h - a potion of berserk rage {unknown}
 m - 3 potions of curing {unknown}


   Skills:
 + Level 4.0 Fighting
 * Level 3.5 Maces & Flails
 - Level 3.2 Armour
 - Level 3.2 Shields


You had 3 spell levels left.
You didn't know any spells.
Your spell library contained the following spells:

 Spells                   Type           Power      Damage    Failure   Level
 Fugue of the Fallen      Necr           0%         N/A       99%         3
 Ozocubu's Armour         Ice            0%         N/A       99%         3
 Animate Armour           Summ/Erth      0%         N/A       100%        4
 Manifold Assault         Tloc           0%         N/A       100%        4
 Summon Lightning Spire   Summ/Air       0%         N/A       100%        4
 Lee's Rapid Deconstruct  Erth           0%         3d4*      100%        5


Dungeon Overview and Level Annotations

Branches:
Dungeon (3/15)

Altars:
Cheibriados


Innate Abilities, Weirdness & Mutations

You are immune to sickness and miasma.
Your stone body is resilient. (AC +3)
You are immune to poison.
You resist negative energy. (rN+)
You are resistant to electric shocks. (rElec)
You are resistant to unholy torment.
You are immune to petrification.


Message History

You are too injured to fight recklessly!
You are too injured to fight recklessly!
You are too injured to fight recklessly!
You are too injured to fight recklessly!
You are too injured to fight recklessly!
You are too injured to fight recklessly!
You are too injured to fight recklessly!
You are too injured to fight recklessly!
You are too injured to fight recklessly!
You are too injured to fight recklessly!
You are too injured to fight recklessly!
You are too injured to fight recklessly!
You are too injured to fight recklessly!
You are too injured to fight recklessly!
You are too injured to fight recklessly!
You are too injured to fight recklessly!
Unknown command.
You barely miss the water moccasin.
The water moccasin is heavily wounded.
The water moccasin barely misses you. x2
You barely miss the water moccasin.
The water moccasin is heavily wounded.
The water moccasin bites you but does no damage.
The water moccasin bites you.
You closely miss the water moccasin.
The water moccasin is heavily wounded.
The water moccasin bites you but does no damage.
You closely miss the water moccasin.
The water moccasin is heavily wounded.
The water moccasin bites you but does no damage.
The water moccasin barely misses you.
You closely miss the water moccasin.
The water moccasin is heavily wounded.
The water moccasin bites you!
* * * LOW HITPOINT WARNING * * *
The water moccasin closely misses you.
You miss the water moccasin.
The water moccasin is heavily wounded.
The water moccasin bites you.
You die...

###### ......#
#.....### ##.......
... #S.....### #..
.#######@........
##.. ..............##
# ...
########.†....####..
#. #.........#.. +. .
#).....##...#####.
#.# #
#.#+#####.#.#..#..
#...#.#.#.#
##.#.#..#.. #...#.#.#
##..#.#.....
#....#.###...#.##.#..


You could see a water moccasin.

Vanquished Creatures
  An orc (D:3)
  6 ball pythons
  3 bats
  2 endoplasms
  3 hobgoblins (D:2)
  2 jackals (D:2)
  3 quokkas
  2 frilled lizards
  4 goblins
  3 kobolds
  3 rats
32 creatures vanquished.

Notes
Turn   | Place    | Note
-------+----------+-------------------------------------------
     0 | D:1      | Newt the Gargoyle Fighter began the quest for the Orb.
     0 | D:1      | Reached XP level 1. HP: 14/14 MP: 1/1
    37 | D:1      | You fall into a shaft and drop 1 floor!
   191 | D:2      | Reached XP level 2. HP: 18/19 MP: 2/2
   532 | D:2      | Reached XP level 3. HP: 24/24 MP: 3/3
   619 | D:1      | Found a faded altar of an unknown god.
  1788 | D:3      | Found a snail-covered altar of Cheibriados.
  1900 | D:3      | Reached skill level 4 in Fighting
  1957 | D:3      | Reached XP level 4. HP: 29/29 MP: 4/4
  1959 | D:3      | Noticed a water moccasin
  1987 | D:3      | Slain by a water moccasin

Illustrated notes

Levels and vault maps discovered:
D:1:      reono_arrival_mine, layout_basic, shapermc_ecumenical_altar_pompeii
D:2:      layout_loops_corners, dreamdust_princess_corridor
D:3:      layout_basic, marbit_many_paths, serial_shops,
          nicolae_shop_tiny_glass, grunt_ministairs_9, supply_closet_lemuel,
          uniq_pargi, uniq_terence, uniq_grinder

Skill      XL: |  1  2  3 |
---------------+----------+-----
Maces & Flails | 3 |  3.5
Fighting       | 4 |  4.0
Armour         | |  3.2
Shields        | |  3.2

Action                     |  1- 3 |  4- 6 || total
---------------------------+-------+-------++-------
  Melee: Flail             |    97 |    27 ||   124
    Use: Scroll            |     6 |       ||     6
 Armour: Scale mail        |    70 |    28 ||    98
  Dodge: Dodged            |    53 |    16 ||    69
  Block: Buckler           |    20 |     3 ||    23

Table legend: (Time is in decaauts)
 A = Elapsed time spent in this place.
 B = Non-inter-level travel time spent in this place.
 C = Inter-level travel time spent in this place.
 D = Time resting spent in this place.
 E = Time spent auto-exploring this place.
 F = Levels seen in this place.
 G = Mean time per level.
                   A        B        C        D        E       F      G
               +--------+--------+--------+--------+--------+-----+--------+
         Total |   2021 |   1913 |    108 |     27 |   1598 |   3 |  673.7 |
       Dungeon |   2021 |   1913 |    108 |     27 |   1598 |   3 |  673.7 |
               +--------+--------+--------+--------+--------+-----+--------+

Top non-repeatable levels by time:
     D:2: 1018 daAuts
     D:1: 717 daAuts
     D:3: 285 daAuts
